 Dungeon Crawl Stone Soup version 0.24-a0-317-g5cb8de4b22 (webtiles) character file.

Game seed: 11143079642412465929

11 HAL9000 the Sneak (level 2, -1/15 HPs)
             Began as a Vine Stalker Assassin on May 16, 2019.
             Slain by a goblin
             ... wielding a +0 club
              (4 damage)
             ... on level 1 of the Dungeon.
             The game lasted 00:00:33 (511 turns).

HAL9000 the Sneak (Vine Stalker Assassin)            Turns: 511, Time: 00:00:34

Health: -1/15      AC:  3    Str: 13    XL:     2   Next: 29%
Magic:  0/3        EV: 11    Int: 11    God:
Gold:   16         SH:  0    Dex: 15    Spells: 1/1 levels left

rFire    . . .     SeeInvis .   a - +2 dagger
rCold    . . .     Gourm    .   (no shield)
rNeg     . . .     Faith    .   b - +0 robe
rPois    .         Spirit   +   (no helmet)
rElec    .         Reflect  .   c - +0 cloak
rCorr    .         Harm     .   (no gloves)
MR       .....                  (no boots)
Stlth    +++.......             (no amulet)
HPRegen  0.05/turn              (no ring)
MPRegen  0.08/turn              (no ring)

@: no status effects
A: fangs 2, magic shield, antimagic bite, no potion heal 3, rot immunity
a: no special abilities


You were on level 1 of the Dungeon.
You were not hungry.

You visited 1 branch of the dungeon, and saw 1 of its levels.

You collected 16 gold pieces.

Inventory:

Hand Weapons
 a - a +2 dagger (weapon)
Missiles
 d - 8 poisoned darts (quivered)
 e - 2 curare-tipped darts
Armour
 b - a +0 robe (worn)
 c - a +0 cloak (worn)
Scrolls
 g - a scroll of identify {unknown}
 i - a scroll of teleportation {unknown}
 j - a scroll of fog {unknown}
 k - a scroll of enchant armour {unknown}
 m - 2 scrolls of blinking {unknown}
Potions
 h - a potion of mutation {unknown}
Comestibles
 f - 2 rations


   Skills:
 - Level 1.7 Fighting
 + Level 2.6 Short Blades
 - Level 1.7 Throwing
 - Level 0.7 Dodging
 - Level 4.8 Stealth


You had one spell level left.
You didn't know any spells.
Your spell library was empty.

Dungeon Overview and Level Annotations

Branches:
Dungeon (1/15)

Altars:


Innate Abilities, Weirdness & Mutations

You have extremely sharp teeth.
When hurt, damage is shared between your health and your magic reserves.
Your bite disrupts and absorbs the magic of your enemies.
Potions cannot restore your health.
You are immune to rotting.


Message History

You closely miss the goblin. You bite the goblin, but do no damage.
The goblin closely misses you.
You miss the goblin. You bite the goblin. You drain its power.
The goblin is severely wounded.
The goblin hits you but does no damage.
You barely miss the goblin.
The goblin is severely wounded.
You closely miss the goblin.
The goblin is severely wounded.
The goblin hits you with a +0 club.
* * * LOW HITPOINT WARNING * * *
Unknown command.
You barely miss the goblin.
The goblin is severely wounded.
The goblin hits you with a +0 club.
* * * LOW HITPOINT WARNING * * *
You closely miss the goblin.
The goblin is severely wounded.
The goblin hits you with a +0 club.
You die...

..#.# #.........#..........#####
#...# #.........#########.......
###.## ######.#### #.......
###..########.# ######## #.......
....).........###......###.......
###....................'.')......
.####.##########.......###.......
.# #.# #.####### #....... .# #..
#@# #....... .# ##.# #g# #.......
.# .. #b# #....... .#
#+########'###### #....... .#
...............# #####... .#
...............# .#
...............# .###
(..............# ...#
...............# .


You could see a goblin and a bat.

Vanquished Creatures
  A dart slug (D:1)
  A giant cockroach (D:1)
  3 goblins (D:1)
  A hobgoblin (D:1)
  A kobold (D:1)
  2 rats (D:1)
9 creatures vanquished.

Notes
Turn   | Place    | Note
-------+----------+-------------------------------------------
     0 | D:1      | HAL9000 the Vine Stalker Assassin began the quest for the
                  | Orb.
     0 | D:1      | Reached XP level 1. HP: 11/11 MP: 2/2
   257 | D:1      | Reached XP level 2. HP: 5/15 MP: 0/3
   511 | D:1      | Slain by a goblin

Levels and vault maps discovered:
D:1:      minmay_arrival_checkered_box, layout_basic

Skill      XL: |  1 |
---------------+----+-----
Short Blades   | 2 |  2.6
Fighting       | |  1.7
Throwing       | |  1.7
Dodging        | |  0.7
Stealth        | |  4.8

Action                   || total
-------------------------++-------
Melee: Dagger            ||    25
       Bite              ||     6
Throw: Dart              ||     2
 Stab: Sleeping          ||     5
Armor: Robe              ||    10
Dodge: Dodged            ||    20

Table legend:
 A = Non-vault XP
 B = Vault XP
 C = Vault XP percentage of total XP
 D = Non-vault monster count
 E = Vault monster count
 F = Vault count percentage of total count
                 A         B        C        D         E       F
            +---------+---------+-------+---------+---------+-------
      Total |      17 |       0 |   0.0 |       9 |       0 |   0.0
            +---------+---------+-------+---------+---------+-------
        D:1 |      17 |       0 |   0.0 |       9 |       0 |   0.0
            +---------+---------+-------+---------+---------+-------
